 Dungeon Crawl Stone Soup version 0.29-a0-275-g389c0b56f3 (webtiles) character file.

Game seed: 16240809080233784947

38 sammy202020 the Shield-Bearer (level 3, 33/33 HPs)
             Began as a Minotaur Fighter on Mar 13, 2022.
             Quit the game on level 1 of the Dungeon.
             The game lasted 00:01:25 (571 turns).

sammy202020 the Shield-Bearer (Minotaur Fighter)     Turns: 571, Time: 00:01:25

Health: 33/33      AC:  7    Str: 20    XL:     3   Next: 25%
Magic:  2/2        EV:  9    Int:  7    God:
Gold:   49         SH:  4    Dex:  9    Spells: 2/2 levels left

rFire   . . .      SeeInvis .   a - +0 trident
rCold   . . .      Faith    .   c - +0 buckler
rNeg    . . .      Spirit   .   b - +0 scale mail
rPois   .          Reflect  .   (helmet restricted)
rElec   .          Harm     .   (no cloak)
rCorr   .          Rampage  .   (no gloves)
Will    .....                   (no boots)
Stlth   ..........              (no amulet)
HPRegen 0.11/turn               (no ring)
MPRegen 0.08/turn               (no ring)

@: no status effects
A: horns 2, retaliatory headbutt
a: no special abilities


You were on level 1 of the Dungeon.
You visited 1 branch of the dungeon, and saw 1 of its levels.

You collected 49 gold pieces.

Inventory:

Hand Weapons
 a - a +0 trident (weapon)
Armour
 b - a +0 scale mail (worn)
 c - a +0 buckler (worn)
Scrolls
 f - a scroll of blinking {unknown}
 g - a scroll of fog {unknown}
Potions
 d - a potion of might
 e - a potion of resistance {unknown}
 h - a potion of berserk rage {unknown}


   Skills:
 * Level 4.0 Fighting
 * Level 3.1 Polearms
 * Level 4.0 Armour
 + Level 0.5 Dodging
 * Level 4.1 Shields


You had 2 spell levels left.
You didn't know any spells.
Your spell library was empty.

Dungeon Overview and Level Annotations

Branches:
Dungeon (1/15)

Altars:


Innate Abilities, Weirdness & Mutations

You have a pair of horns on your head.
You reflexively headbutt those who attack you in melee.


Message History

a rat corpse; a rat corpse; a dart slug corpse
h - a white potion No target in view!
There is an escape hatch in the floor here.
A hobgoblin comes into view.
The hobgoblin shouts!
You hear a shout!
The hobgoblin moves out of view.
A hobgoblin is nearby!
You reach to attack!
You puncture the hobgoblin!
You kill the hobgoblin!
A kobold comes into view. It is wielding a +0 hunting sling.
The kobold shouts!
A goblin comes into view. It is wielding a +0 club.
The kobold shoots a sling bullet.
The sling bullet barely misses you.
You reach to attack!
You closely miss the kobold. You barely miss the kobold.
The kobold unwields a +0 hunting sling.
The kobold wields a +0 whip.
The kobold barely misses you.
You hit the goblin. Your headbutt misses the goblin.
The goblin is heavily wounded.
The goblin barely misses you. You furiously retaliate!
You headbutt the goblin!
You kill the goblin!
A rat comes into view.
The kobold hits you but does no damage.
Your Armour skill increases to level 4!
You puncture the kobold!
You kill the kobold!
Things that are here:
a +0 whip; a +0 hunting sling You puncture the rat!
You kill the rat!
No target in view!
No target in view!
Things that are here:
a +0 club; a goblin corpse You see here a rat corpse.
A jackal comes into view.
A jackal is nearby!
The jackal barks!
You hear a bark! x2
Unknown command.
Are you sure you want to abandon this character and quit the game? (Confirm with "yes".)

###.#..##.##..#..........#
# #.#...........######+..#
# #............## # #
####.#####..#.# # #.#
#.#..# # #.# #.#)h#
######.# #.#.†# .......# .
#..###### ######## #
#.#@....# # ##.....#... #
######....# # ..## #


You could see a jackal.

Vanquished Creatures
  2 dart slugs (D:1)
  A ball python (D:1)
  3 bats (D:1)
  An endoplasm (D:1)
  A giant cockroach (D:1)
  5 goblins (D:1)
  2 hobgoblins (D:1)
  5 jackals (D:1)
  2 frilled lizards (D:1)
  4 kobolds (D:1)
  6 rats (D:1)
32 creatures vanquished.

Notes
Turn   | Place    | Note
-------+----------+-------------------------------------------
     0 | D:1      | sammy202020 the Minotaur Fighter began the quest for the
                  | Orb.
     0 | D:1      | Reached XP level 1. HP: 19/19 MP: 0/0
   149 | D:1      | Reached XP level 2. HP: 27/27 MP: 1/1
   398 | D:1      | Reached XP level 3. HP: 33/33 MP: 2/2
   571 | D:1      | Quit the game

Illustrated notes

Levels and vault maps discovered:
D:1:      amcnicky_arrival_wind_blow, layout_loops_ring, minmay_3d_cube

Skill      XL: |  1  2  3 |
---------------+----------+-----
Shields        | 4 |  4.1
Fighting       | 4 |  4.0
Polearms       | 3 |  3.1
Armour         | 4 |  4.0
Dodging        | |  0.5

Action                   || total
-------------------------++-------
Melee: Trident           ||    72
       Headbutt          ||     7
Armor: Scale mail        ||    30
Dodge: Dodged            ||    27
Block: Buckler           ||    12

Table legend: (Time is in decaauts)
 A = Elapsed time spent in this place.
 B = Non-inter-level travel time spent in this place.
 C = Inter-level travel time spent in this place.
 D = Time resting spent in this place.
 E = Time spent auto-exploring this place.
 F = Levels seen in this place.
 G = Mean time per level.
                   A        B        C        D        E       F      G
               +--------+--------+--------+--------+--------+-----+--------+
         Total |    584 |    584 |      0 |      0 |    443 |   1 |  584.0 |
       Dungeon |    584 |    584 |      0 |      0 |    443 |   1 |  584.0 |
               +--------+--------+--------+--------+--------+-----+--------+

Top non-repeatable levels by time:
     D:1: 584 daAuts
